 Dungeon Crawl Stone Soup version 0.19.5 (webtiles) character file.

2578 JeffiDaFish the Magician (level 9, -1/72 HPs)
             Began as a Black Draconian Fire Elementalist on Sept 12, 2017.
             Slain by a raiju (2 damage)
             ... on level 1 of the Abyss.
             The game lasted 00:24:00 (6787 turns).

JeffiDaFish the Magician (DrFE)                     Turns: 6787, Time: 00:24:01

Health: -1/72      AC:  7    Str: 11    XL:     9   Next: 32%
Magic:  9/27       EV: 15    Int: 16    God:
Gold:   336        SH:  0    Dex: 14    Spells: 4 memorised, 11 levels left

rFire  . . .     SeeInvis .     m - +2 hand axe (elec)
rCold  . . .     Gourm    +     (armour unavailable)
rNeg   . . .     Faith    .     (no shield)
rPois  .         Spirit   .     (helmet restricted)
rElec  +         Reflect  .     (no cloak)
rCorr  .         Harm     .     (no gloves)
MR     .....                    (no boots)
Stlth  ++........               c - amulet of the gourmand
                                f - ring of wizardry
                                p - ring of magical power

@: no status effects
A: breathe lightning, unfitting armour, blink, electricity resistance,
cold-blooded, AC +7
a: Breathe Lightning, Blink


You were on level 1 of the Abyss.
You were very full.

You visited 2 branches of the dungeon, and saw 8 of its levels.
You visited the Abyss 1 time.
You also visited: Sewer.

You collected 336 gold pieces.

Inventory:

Hand Weapons
 m - a +2 hand axe of electrocution (weapon)
Jewellery
 c - an amulet of the gourmand (around neck)
 e - an uncursed ring of poison resistance
 f - a ring of wizardry (right hand)
 l - an uncursed ring of see invisible
 p - a ring of magical power (left hand)
 v - a +2 amulet of reflection {unknown}
Scrolls
 d - 4 scrolls of blinking
 n - 6 scrolls of remove curse
 q - a scroll of amnesia
 t - a scroll of magic mapping
 x - 2 scrolls of identify
 y - 2 scrolls of fear {unknown}
Potions
 i - a potion of brilliance
 j - a potion of might
 o - 3 potions of curing
 u - a potion of agility
Books
 a - a book of Flames

   Spells                             Type                      Level
   a - Flame Tongue                   Conjuration/Fire             1
   b - Throw Flame                    Conjuration/Fire             2
   c - Conjure Flame                  Conjuration/Fire             3
   d - Inner Flame                    Hexes/Fire                   3
   e - Sticky Flame                   Conjuration/Fire             4
   f - Fireball                       Conjuration/Fire             5
 r - a book of Changes

   Spells                             Type                      Level
   a - Beastly Appendage              Transmutation                1
   b - Sticks to Snakes               Transmutation                2
   c - Spider Form                    Transmutation/Poison         3
   d - Ice Form                       Ice/Transmutation            4
   e - Blade Hands                    Transmutation                5
 s - a book of Air

   Spells                             Type                      Level
   a - Shock                          Conjuration/Air              1
   b - Swiftness                      Charms/Air                   2
   c - Repel Missiles                 Charms/Air                   2
   d - Static Discharge               Conjuration/Air              3
   e - Lightning Bolt                 Conjuration/Air              5
Comestibles
 b - 4 bread rations
 g - 3 meat rations
 h - 2 royal jellies
 k - 2 beef jerkies
 w - a slice of pizza


   Skills:
 + Level 4.5 Fighting
   Level 0.2 Short Blades
 + Level 3.5(3.6) Axes
   Level 0.2(2.1) Maces & Flails
   Level 1.1(2.4) Polearms
 * Level 5.7 Dodging
 - Level 2.0 Stealth
 * Level 6.3 Spellcasting
 + Level 4.3 Conjurations
 + Level 5.8 Fire Magic


You had 11 spell levels left.
You knew the following spells:

 Your Spells              Type           Power        Failure   Level  Hunger
a - Flame Tongue          Conj/Fire      ###..        1%          1    None
b - Throw Flame           Conj/Fire      ###...       1%          2    None
c - Sticky Flame          Conj/Fire      ###.....     7%          4    ####...
d - Sticks to Snakes      Tmut           #.......     9%          2    None


Dungeon Overview and Level Annotations

Branches:
Dungeon (9/15)             Temple (1/1) D:5             Orc (0/2) D:9
   Lair: D:8-11

Altars:
Ashenzari
Dithmenos
Elyvilon
Fedhas
Gozag
Hepliaklqana
Kikubaaqudgha
Nemelex Xobeh
Okawaru
Qazlal
Ru
Xom
Zin
The Shining One

Shops:
D:5 =

Annotations:
D:9 Psyche


Innate Abilities, Weirdness & Mutations

You can breathe wild blasts of lightning.
Your glossy black scales are hard. (AC +7)
You cannot fit into any form of body armour.
You are resistant to electric shocks. (rElec)
You are cold-blooded and may be slowed by cold attacks.
You can translocate small distances at will.


Message History

The living lightning hits you! You resist.
* * * LOW HITPOINT WARNING * * *
The raiju blinks!
Casting: Sticky Flame
Confirm with . or Enter, or press ? or * to list all spells.
Aiming: Flame Tongue
Press: ? - help, Shift-Dir - straight line, f/p - raiju
Aim: a raiju (moderately wounded, covered in liquid flames)
The flame tongue hits the raiju.
The raiju is heavily wounded.
The raiju burns!
The raiju bites you.
* * * LOW HITPOINT WARNING * * *
The raiju shocks you. You resist.
* * * LOW HITPOINT WARNING * * *
You hit the raiju.
The raiju is heavily wounded.
The raiju burns!
The raiju stops burning.
The raiju bites you.
* * * LOW HITPOINT WARNING * * *
The raiju shocks you. You resist.
You die...

# # #'#.
#.#
...... .
.# ยง .
##.# # .
.. . ..
.. .
.#### .#.
..### .##
# # ##
#..#..##
#.
.#....# .
#.#@.#.#
#
.#..h.###
##...#..#
#..#####
#.. #..
##. ... .


You could see a raiju.

Vanquished Creatures
  2 raiju (Abyss:1)
  A hippogriff (D:9)
  A warg (D:9)
  An ice beast (D:5)
  A sky beast (D:9)
  5 orc warriors
  2 ogres
  A black bear (D:9)
  2 phantoms
  A crocodile (Sewer)
  A scorpion (D:5)
  A howler monkey (D:3)
  A jelly (D:9)
  3 crimson imps
  A hound (D:5)
  An orc wizard (D:5)
  3 orc priests
  2 iguanas
  3 worker ants
  A hound skeleton (D:4)
  A worker ant zombie (D:4)
  2 gnolls (D:3)
  9 adders
  2 oozes
  A dart slug (D:1)
  3 worms
  8 leopard geckos
  22 orcs
  2 ball pythons
  3 giant cockroaches
  3 goblins
  13 hobgoblins
  2 jackals (D:1)
  9 quokkas
  8 bats
  7 frilled lizards
  2 jackal zombies (D:5)
  6 kobolds
  A leopard gecko skeleton (D:5)
  A quokka skeleton (D:4)
  2 rats
  2 plants (D:3)
143 creatures vanquished.

Vanquished Creatures (others)
  A plant (D:3)
1 creature vanquished.

Grand Total: 144 creatures vanquished

Notes
Turn   | Place    | Note
-------+----------+-------------------------------------------
     0 | D:1      | JeffiDaFish the Draconian Fire Elementalist began the quest for the Orb.
     0 | D:1      | Reached XP level 1. HP: 14/14 MP: 3/3
   548 | D:1      | Reached XP level 2. HP: 20/20 MP: 1/5
   740 | D:1      | Learned a level 2 spell: Throw Flame
  1235 | D:2      | Reached XP level 3. HP: 21/26 MP: 6/6
  1344 | D:2      | Found a glowing golden altar of the Shining One.
  2122 | D:2      | Found a shattered altar of Ashenzari.
  2237 | D:3      | Found a glowing silver altar of Zin.
  2250 | D:3      | Reached XP level 4. HP: 33/33 MP: 3/8
  2268 | D:3      | Learned a level 4 spell: Sticky Flame
  2492 | D:3      | Reached skill level 3 in Spellcasting
  2852 | D:3      | Reached XP level 5. HP: 38/39 MP: 9/9
  2906 | D:3      | Reached skill level 1 in Fighting
  3084 | D:3      | Found a sparkling altar of Nemelex Xobeh.
  3148 | D:3      | Reached skill level 1 in Polearms
  3508 | D:4      | Noticed an ogre
  3515 | D:4      | Killed an ogre
  3515 | D:4      | Reached XP level 6. HP: 37/47 MP: 5/11
  3565 | D:4      | Found a hazy altar of Hepliaklqana.
  3746 | D:4      | Reached skill level 1 in Axes
  3894 | D:4      | Gained mutation: You can translocate small distances at will. [potion of beneficial mutation]
  3916 | D:4      | Learned a level 2 spell: Sticks to Snakes
  4164 | D:5      | Entered Level 5 of the Dungeon
  4325 | D:5      | Reached skill level 4 in Spellcasting
  4325 | D:5      | Your scales start taking on a glossy black colour.
  4325 | D:5      | Reached XP level 7. HP: 31/55 MP: 13/13
  4325 | D:5      | Gained mutation: You are resistant to electric shocks. (rElec) [Black Draconian growth]
  4578 | D:5      | Found a staircase to the Ecumenical Temple.
  4586 | Temple   | Entered the Ecumenical Temple
  4666 | D:5      | Found a glowing drain.
  4682 | Sewer    | Entered a sewer
  5071 | D:5      | Found Netiw's Jewellery Boutique.
  5278 | D:5      | Reached XP level 8. HP: 63/63 MP: 13/15
  5503 | D:5      | Reached skill level 5 in Fire Magic
  5753 | D:6      | Reached skill level 5 in Spellcasting
  5959 | D:6      | You fall through a shaft for 3 floors!
  5959 | D:9      | Found a staircase to the Orcish Mines.
  5981 | D:9      | HP: 3/63 [orc warrior/halberd (12)]
  6260 | D:9      | Noticed a hippogriff
  6272 | D:9      | Killed a hippogriff
  6272 | D:9      | Reached skill level 5 in Dodging
  6371 | D:9      | Noticed Psyche
  6411 | D:9      | Reached XP level 9. HP: 53/71 MP: 3/17
  6412 | D:9      | Reached skill level 6 in Spellcasting
  6680 | D:9      | Cast into level 1 of the Abyss (Psyche)
  6787 | Abyss:1  | HP: 1/72 [raiju (6)]
  6787 | Abyss:1  | Slain by a raiju

Skill      XL: |  1  2  3  4  5  6  7  8  9 |
---------------+----------------------------+-----
Stealth        | 2 |  2.0
Dodging        | 2 3 4 5 |  5.7
Spellcasting   | 3 4 5 6 |  6.3
Fighting       | 1 2 3 4 |  4.5
Fire Magic     | 4 5 |  5.8
Polearms       | 1 |  1.1
Conjurations   | 2 3 4 |  4.3
Axes           | 1 3 |  3.5
Short Blades   | |  0.2
Maces & Flails | |  0.2

Action                   |  1- 3 |  4- 6 |  7- 9 || total
-------------------------+-------+-------+-------++-------
Melee: Mace              |    33 |       |       ||    33
       Short sword       |    34 |    14 |       ||    48
       Tailslap          |     1 |    20 |    13 ||    34
       Spear             |       |   154 |       ||   154
       Hand axe          |       |    50 |    97 ||   147
 Cast: Flame Tongue      |    40 |    41 |    24 ||   105
       Throw Flame       |    15 |    27 |    19 ||    61
       Sticky Flame      |       |     3 |    21 ||    24
 Abil: Breathe Lightning |       |       |     3 ||     3
  Use: Scroll            |     8 |     3 |     3 ||    14
       Potion            |     3 |     7 |     5 ||    15
 Stab: Sleeping          |     2 |     2 |     1 ||     5
       Distracted        |       |     1 |       ||     1
  Eat: Chunk             |    18 |     9 |    12 ||    39
Armor: Skin              |    21 |    49 |    28 ||    98
Dodge: Dodged            |    53 |   101 |    91 ||   245
